 Dungeon Crawl Stone Soup version 0.27-a0-1302-g7736ffe575 (webtiles) character file.

Game seed: 7630104491402391086

66473 27snakeeyes612 the Blocker (level 15, -7/120 HPs)
             Began as a Gnoll Fighter on June 18, 2021.
             Was a High Priest of Trog.
             Splashed by an oklob plant's acid (13 damage)
             ... on level 6 of the Lair of Beasts.
             The game lasted 00:23:42 (31178 turns).

27snakeeyes612 the Blocker (Gnoll Fighter)         Turns: 31178, Time: 00:23:42

Health: -7/120     AC: 17    Str: 25    XL:     15   Next: 19%
Magic:  0/28       EV: 12    Int: 14    God:    Trog [*****.]
Gold:   2203       SH: 17    Dex: 20    Spells: 33/33 levels left

rFire    . . .     SeeInvis +   R - +2 scimitar (elec)
rCold    + . .     Faith    .   c - +3 kite shield
rNeg     . . .     Spirit   +   B - +0 plate armour
rPois    .         Reflect  .   f - +2 helmet
rElec    .         Harm     .   (no cloak)
rCorr    .         Rampage  .   h - +0 pair of fencer's gloves {Riposte Dex+3}
Will     +....                  k - +0 pair of boots
Stlth    ..........             i - amulet of guardian spirit
HPRegen  0.30/turn              r - +6 ring of intelligence
MPRegen  0.21/turn              t - ring of Fatigue {rC+ Str+3 Dex+6 SInv}

@: corroded
A: fangs 1, strong nose, distributed training
a: Renounce Religion, Berserk, Trog's Hand, Brothers in Arms


You were on level 6 of the Lair of Beasts.
You worshipped Trog.
Trog was extremely pleased with you.
You visited 3 branches of the dungeon, and saw 19 of its levels.

You collected 2203 gold pieces.

Inventory:

Hand Weapons
 a - a +1 vorpal flail
 e - the +1 arbalest "Ciakh" {penet, rPois rF+ Str+7}
   (You acquired it on level 10 of the Dungeon)

   Ammo fired by it passes through the targets it hits, potentially hitting all
   targets in its path until it reaches maximum range.
   It affects your strength (+7).
   It protects you from fire.
   It protects you from poison.
 R - a +2 scimitar of electrocution (weapon)
 U - the +6 long sword of Ratwuwk {vorpal, rF++ rN+ Int-3 SInv}
   (You found it on level 5 of the Lair of Beasts)

   It inflicts extra damage upon your enemies.
   It affects your intelligence (-3).
   It greatly protects you from fire.
   It protects you from negative energy.
   It lets you see invisible.
Missiles
 j - 3 throwing nets
 E - 10 curare-tipped darts (quivered)
 M - 124 bolts
Armour
 c - a +3 kite shield (worn)
 f - a +2 helmet (worn)
 h - the +0 pair of fencer's gloves (worn) {Riposte Dex+3}
   (You acquired it on level 10 of the Dungeon)

   It affects your dexterity (+3).
 k - a +0 pair of boots (worn)
 B - a +0 plate armour (worn)
 X - a +2 tower shield of cold resistance
Jewellery
 i - an amulet of guardian spirit (around neck)
 l - a +4 ring of evasion
 r - a +6 ring of intelligence (left hand)
 t - the ring of Fatigue (right hand) {rC+ Str+3 Dex+6 SInv}
   (You found it on level 6 of the Dungeon)

   [ring of dexterity]

   It affects your strength (+3).
   It affects your dexterity (+6).
   It protects you from cold.
   It lets you see invisible.
 v - a +6 ring of dexterity
 w - a +4 ring of protection
 y - a +6 ring of dexterity
 D - a ring of magical power
 O - a ring of resist corrosion
 W - a ring of fire
Wands
 G - a wand of flame (16)
 I - a wand of paralysis (6)
 J - a wand of digging (5)
 K - a wand of acid (12)
 L - a wand of polymorph (12)
 T - a wand of iceblast (21)
Scrolls
 g - 7 scrolls of identify
 m - 2 scrolls of torment
 u - 5 scrolls of teleportation
 x - 3 scrolls of magic mapping
 z - a scroll of brand weapon
 F - a scroll of silence
 N - a scroll of fear
Potions
 b - a potion of cancellation {unknown}
 d - 3 potions of might
 n - 3 potions of curing
 o - a potion of flight
 p - 4 potions of mutation
 q - 2 potions of haste
 A - a potion of resistance
 C - a potion of attraction
 H - 7 potions of heal wounds
 P - a potion of magic
 Q - a potion of degeneration
 V - a potion of berserk rage {unknown}


   Skills:
 + Level 11.6 Fighting
 + Level 9.9 Short Blades
 + Level 9.9 Long Blades
 + Level 9.9 Axes
 + Level 10.8 Maces & Flails
 + Level 9.9 Polearms
 + Level 9.9 Staves
 + Level 9.9 Slings
 + Level 9.9 Bows
 + Level 9.9 Crossbows
 + Level 9.9 Throwing
 + Level 11.6 Armour
 + Level 9.9 Dodging
 + Level 9.9 Stealth
 + Level 11.6 Shields
 + Level 9.9 Unarmed Combat
 + Level 9.9 Spellcasting
 + Level 8.3 Conjurations
 + Level 8.3 Hexes
 + Level 8.3 Summonings
 + Level 8.3 Necromancy
 + Level 8.3 Translocations
 + Level 8.3 Transmutations
 + Level 8.3 Fire Magic
 + Level 8.3 Ice Magic
 + Level 8.3 Air Magic
 + Level 8.3 Earth Magic
 + Level 8.3 Poison Magic
 + Level 10.7 Invocations
 + Level 9.9 Evocations


You had 33 spell levels left.
You didn't know any spells.
Your spell library contained the following spells:

 Spells                   Type           Power      Damage    Failure   Level
 Animate Skeleton         Necr           60%        N/A       4%          1
 Magic Dart               Conj           100%       1d8       4%          1
 Pain                     Necr           100%       1d9       4%          1
 Summon Small Mammal      Summ           100%       N/A       4%          1
 Call Imp                 Summ           30%        N/A       8%          2
 Searing Ray              Conj           60%        3d5       8%          2
 Call Canine Familiar     Summ           30%        N/A       14%         3
 Dazzling Flash           Conj/Hex       60%        N/A       14%         3
 Summon Guardian Golem    Hex/Summ       30%        N/A       14%         3
 Vampiric Draining        Necr           15%        2d8       14%         3
 Animate Dead             Necr           15%        N/A       43%         4
 Fulminant Prism          Conj/Hex       15%        3d11      43%         4
 Iskenderun's Mystic Bla  Conj/Tloc      30%        2d8       43%         4
 Summon Ice Beast         Ice/Summ       30%        N/A       43%         4
 Summon Lightning Spire   Summ/Air       30%        N/A       43%         4
 Agony                    Necr           30%        N/A       80%         5


Dungeon Overview and Level Annotations

Branches:
Dungeon (12/15)            Temple (1/1) D:7            Lair (6/6) D:11
 Shoals (0/4) Lair:4        Snake (0/4) Lair:4        Slime (0/5) Lair:6
    Orc (0/2) D:11

Altars:
Ashenzari
Cheibriados
Dithmenos
Elyvilon
Fedhas
Gozag
Hepliaklqana
Kikubaaqudgha
Makhleb
Nemelex Xobeh
Okawaru
Qazlal
Ru
Sif Muna
Trog
Uskayaw
Vehumet
Wu Jian
Xom
Yredelemnul
Zin
The Shining One

Annotations:
D:8 4 runed translucent doors
Lair:1 3 runed translucent doors, Toipt's ghost, journeyman PaBe
Lair:4 exclusion: 4 oklob plants
Lair:6 exclusion: 3 oklob plants


Innate Abilities, Weirdness & Mutations

You have very sharp teeth.
Your uncanny sense of smell can sniff out nearby items.
Your experience applies equally to all skills.


Message History

Found a staircase to the Slime Pits.
An oklob plant comes into view.
The oklob plant spits acid at you.
The splash of acid hits you but does no damage.
You are splashed with acid!
The oklob plant spits acid at you. The splash of acid misses you.
Marking area around an oklob plant as unsafe for travelling.
You start resting.
Magic restored.
Really walk into a travel-excluded area?
You see here a scroll of teleportation.
u - 5 scrolls of teleportation (gained 1)
The oklob plant spits acid at you.
The splash of acid hits you but does no damage.
You are splashed with acid!
The oklob plant spits acid at you. The splash of acid hits you!
The acid corrodes you!
You are splashed with acid!
The oklob plant spits acid at you. The splash of acid hits you!
You are splashed with acid!
You see here 9 gold pieces.
You now have 2203 gold pieces (gained 9).
The oklob plant spits acid at you. The splash of acid hits you.
You are splashed with acid!
* * * LOW HITPOINT WARNING * * *
The oklob plant spits acid at you. The splash of acid hits you!
* * * LOW HITPOINT WARNING * * *
You are splashed with acid!
* * * LOW HITPOINT WARNING * * *
As you read the scroll of holy word, it crumbles to dust.
You speak a Word of immense power!
Blink to where?
Press: ? - help, Dir - move target
As you read the scroll of blinking, it crumbles to dust.
The oklob plant spits acid at you. The splash of acid hits you!
* * * LOW HITPOINT WARNING * * *
You are splashed with acid!
You die...

...................#.#
####.. .........<..........#
##.#...
....................##
#......
....................#
#......
..................#####.(...
.........!.......#..##......
.................##.......
................###.......
.......ยง.@......###.^.....
..P.......................
.>............#.##........
P............####.........
..........##### ##.......
.........## #..###..#.....
...#.....# #......#......
.##...#..# .........#....
..####...#.........###...


You could see an oklob plant.

Vanquished Creatures
  Josephine (D:11)
  Harold (Lair:2)
  12 hydras
  4 boulder beetles
  A catoblepas (Lair:5)
  2 centaur warriors (D:10)
  A death knight (D:12)
  A tengu warrior (D:12)
  5 two-headed ogres
  7 death yaks
  A skeletal warrior (D:12)
  Sonja (D:12)
  A phantasmal warrior (D:12)
  A deep elf pyromancer (D:12)
  An ugly thing (D:10)
  2 manticores
  A cyclops (D:12)
  A merfolk siren (Lair:4)
  7 elephants
  4 centaur zombies
  A torpor snail (Lair:6)
  7 black mambas
  12 komodo dragons
  12 cane toads
  An unseen horror (D:12)
  2 rime drakes
  A freezing wraith (D:12)
  A kobold demonologist (D:11)
  A tengu conjurer (D:12)
  A hornet (D:9)
  3 trolls
  4 polar bears
  15 blink frogs
  4 dream sheep (Lair:1)
  7 wyverns
  47 yaks
  5 wraiths
  2 basilisks
  3 vampire mosquitoes (D:8)
  2 wargs (Lair:6)
  An acid dragon (D:10)
  3 hell hounds (Lair:6)
  31 water moccasins
  A swamp drake (Lair:5)
  3 orc warriors
  An ice beast (D:7)
  A sky beast (D:6)
  A hornet zombie (D:6)
  2 ogres
  10 black bears
  A necrophage (D:4)
  3 centaurs
  29 wolves
  A phantom (D:5)
  5 kobold brigands
  8 bullfrogs
  2 scorpions (D:5)
  A water moccasin zombie (D:5)
  3 killer bees (D:8)
  5 electric eels
  5 howler monkeys
  2 bullfrog zombies (D:5)
  A gnoll shaman (D:10)
  2 jellies
  11 orc priests
  A hound (D:5)
  A bullfrog skeleton (D:4)
  2 iguanas
  7 orc wizards
  A hound skeleton (D:5)
  A howler monkey zombie (D:5)
  4 gnolls
  16 adders
  A shadow imp (D:4)
  3 ufetubi
  A dart slug (D:2)
  27 orcs
  2 bats (D:2)
  5 endoplasms
  A giant cockroach (D:2)
  8 goblins
  2 hobgoblins
  10 jackals
  4 quokkas
  3 ball pythons
  7 frilled lizards
  A jackal skeleton (D:4)
  29 kobolds
  5 rats
461 creatures vanquished.

Vanquished Creatures (others)
  46 fungi
  51 plants
97 creatures vanquished.

Grand Total: 558 creatures vanquished

Notes
Turn   | Place    | Note
-------+----------+-------------------------------------------
     0 | D:1      | 27snakeeyes612 the Gnoll Fighter began the quest for the
                  | Orb.
     0 | D:1      | Reached XP level 1. HP: 23/23 MP: 1/1
   158 | D:1      | Reached XP level 2. HP: 29/29 MP: 2/2
   648 | D:2      | Reached XP level 3. HP: 35/35 MP: 3/3
   912 | D:2      | Reached skill level 1 in Invocations
  1227 | D:2      | Reached skill level 1 in Short Blades
  1227 | D:2      | Reached skill level 1 in Long Blades
  1227 | D:2      | Reached skill level 1 in Axes
  1227 | D:2      | Reached skill level 1 in Polearms
  1227 | D:2      | Reached skill level 1 in Staves
  1227 | D:2      | Reached skill level 1 in Slings
  1227 | D:2      | Reached skill level 1 in Bows
  1227 | D:2      | Reached skill level 1 in Crossbows
  1227 | D:2      | Reached skill level 1 in Throwing
  1227 | D:2      | Reached skill level 1 in Dodging
  1227 | D:2      | Reached skill level 1 in Stealth
  1227 | D:2      | Reached skill level 1 in Unarmed Combat
  1227 | D:2      | Reached skill level 1 in Spellcasting
  1227 | D:2      | Reached skill level 1 in Evocations
  1281 | D:2      | Reached XP level 4. HP: 41/41 MP: 5/5
  1575 | D:3      | Found a broken altar of Ashenzari.
  1577 | D:3      | Found an ornate altar of the Wu Jian Council.
  1585 | D:3      | Found a stormy altar of Qazlal.
  1823 | D:3      | Found a basalt altar of Yredelemnul.
  1955 | D:3      | Reached skill level 1 in Conjurations
  1955 | D:3      | Reached skill level 1 in Hexes
  1955 | D:3      | Reached skill level 1 in Summonings
  1955 | D:3      | Reached skill level 1 in Necromancy
  1955 | D:3      | Reached skill level 1 in Translocations
  1955 | D:3      | Reached skill level 1 in Transmutations
  1955 | D:3      | Reached skill level 1 in Fire Magic
  1955 | D:3      | Reached skill level 1 in Ice Magic
  1955 | D:3      | Reached skill level 1 in Air Magic
  1955 | D:3      | Reached skill level 1 in Earth Magic
  1955 | D:3      | Reached skill level 1 in Poison Magic
  1955 | D:3      | Reached XP level 5. HP: 25/47 MP: 3/6
  2267 | D:3      | Found a sacrificial altar of Ru.
  2267 | D:3      | Found a glowing silver altar of Zin.
  2300 | D:3      | Found a faded altar of an unknown god.
  2417 | D:3      | Found a white marble altar of Elyvilon.
  2717 | D:4      | Reached XP level 6. HP: 47/53 MP: 8/8
  2867 | D:4      | Found a shadowy altar of Dithmenos.
  2968 | D:4      | Noticed a black bear
  2973 | D:4      | Killed a black bear
  2974 | D:4      | Reached skill level 5 in Maces & Flails
  3477 | D:4      | Noticed a necrophage
  3488 | D:4      | Killed a necrophage
  3489 | D:4      | Reached XP level 7. HP: 58/59 MP: 10/10
  3842 | D:5      | Entered Level 5 of the Dungeon
  4358 | D:5      | Reached XP level 8. HP: 51/67 MP: 9/12
  5918 | D:6      | Reached XP level 9. HP: 58/72 MP: 11/14
  6031 | D:6      | Identified the ring of Fatigue {rC+ Str+3 Dex+6 SInv}
  6135 | D:6      | Found a burning altar of Makhleb.
  6221 | D:7      | Found an ancient bone altar of Kikubaaqudgha.
  6221 | D:7      | Found a radiant altar of Vehumet.
  6384 | D:7      | Found a sparkling altar of Nemelex Xobeh.
  6397 | D:7      | Found a staircase to the Ecumenical Temple.
  6473 | Temple   | Entered the Ecumenical Temple
  6642 | Temple   | Became a worshipper of Trog the Wrathful
  7699 | D:8      | Reached skill level 5 in Invocations
  7709 | D:8      | HP: 5/111 [vampire mosquito (6)]
  7733 | D:8      | Reached XP level 10. HP: 7/80 MP: 3/17
  7733 | D:8      | HP: 5/120 [poisoned by a water moccasin]
  8222 | D:8      | Noticed a two-headed ogre
  8230 | D:8      | Killed a two-headed ogre
  8231 | D:8      | Reached skill level 5 in Short Blades
  8231 | D:8      | Reached skill level 5 in Long Blades
  8231 | D:8      | Reached skill level 5 in Axes
  8231 | D:8      | Reached skill level 5 in Polearms
  8231 | D:8      | Reached skill level 5 in Staves
  8231 | D:8      | Reached skill level 5 in Slings
  8231 | D:8      | Reached skill level 5 in Bows
  8231 | D:8      | Reached skill level 5 in Crossbows
  8231 | D:8      | Reached skill level 5 in Throwing
  8231 | D:8      | Reached skill level 5 in Dodging
  8231 | D:8      | Reached skill level 5 in Stealth
  8231 | D:8      | Reached skill level 5 in Unarmed Combat
  8231 | D:8      | Reached skill level 5 in Spellcasting
  8231 | D:8      | Reached skill level 5 in Evocations
  8659 | D:8      | Found a huge runed translucent gate.
  8660 | D:8      | Found a huge runed translucent gate.
  8660 | D:8      | Found a huge runed translucent gate.
  8660 | D:8      | Found a huge runed translucent gate.
  8859 | D:9      | Reached * piety under Trog
  9388 | D:8      | HP: 5/123 [killer bee (4)]
 10078 | D:9      | Paralysed by a hornet for 1 turns
 10083 | D:9      | Paralysed by a hornet for 2 turns
 10397 | D:10     | Entered Level 10 of the Dungeon
 10551 | D:10     | Noticed a two-headed ogre
 10599 | D:9      | HP: 3/123 [two-headed ogre (11)]
 10601 | D:9      | Killed a two-headed ogre
 10602 | D:9      | Reached XP level 11. HP: 4/87 MP: 2/19
 11429 | D:9      | Reached skill level 5 in Conjurations
 11429 | D:9      | Reached skill level 5 in Hexes
 11429 | D:9      | Reached skill level 5 in Summonings
 11429 | D:9      | Reached skill level 5 in Necromancy
 11429 | D:9      | Reached skill level 5 in Translocations
 11429 | D:9      | Reached skill level 5 in Transmutations
 11429 | D:9      | Reached skill level 5 in Fire Magic
 11429 | D:9      | Reached skill level 5 in Ice Magic
 11429 | D:9      | Reached skill level 5 in Air Magic
 11429 | D:9      | Reached skill level 5 in Earth Magic
 11429 | D:9      | Reached skill level 5 in Poison Magic
 11650 | D:10     | Noticed a boulder beetle
 11660 | D:10     | Noticed a brown ugly thing
 11669 | D:10     | Killed a boulder beetle
 11683 | D:10     | Identified 3 scrolls of acquirement
 11683 | D:10     | Acquired the +1 arbalest "Ciakh" {penet, rPois rF+ Str+7}
 11687 | D:10     | Acquired 764 gold pieces
 11688 | D:10     | Acquired the +0 pair of fencer's gloves {Riposte Dex+3}
 11689 | D:10     | Found the +0 pair of fencer's gloves {Riposte Dex+3}
 11906 | D:10     | Noticed a centaur warrior
 11917 | D:10     | Killed a centaur warrior
 12014 | D:10     | Killed a brown ugly thing
 12192 | D:10     | Noticed a centaur warrior
 12209 | D:10     | Killed a centaur warrior
 12457 | D:10     | Found a blossoming altar of Fedhas.
 13133 | D:11     | Noticed a manticore
 13149 | D:11     | Killed a manticore
 13568 | D:11     | Found a staircase to the Orcish Mines.
 13621 | D:11     | Noticed a two-headed ogre
 13635 | D:11     | Killed a two-headed ogre
 13653 | D:11     | HP: 2/89 [poisoned by kobold brigand (curare-tipped dart)]
 14123 | D:11     | Noticed a two-headed ogre
 14124 | D:11     | Reached ** piety under Trog
 14125 | D:11     | Reached XP level 12. HP: 72/96 MP: 18/22
 14132 | D:11     | Killed a two-headed ogre
 14234 | D:11     | Found a staircase to the Lair.
 14424 | D:11     | Noticed Josephine
 14653 | D:12     | Noticed a seven-headed hydra
 14657 | D:12     | Noticed a two-headed ogre
 14661 | D:11     | Killed Josephine
 14663 | D:11     | Noticed a soul eater
 16861 | D:12     | Noticed a death knight
 16879 | D:12     | Noticed a tengu warrior
 16890 | D:12     | Killed a tengu warrior
 17615 | Lair:1   | Entered Level 1 of the Lair of Beasts
 17630 | Lair:1   | Found a sparkling altar of Nemelex Xobeh.
 17821 | Lair:1   | Reached skill level 10 in Fighting
 17821 | Lair:1   | Reached skill level 10 in Armour
 17821 | Lair:1   | Reached skill level 10 in Shields
 18316 | Lair:1   | Noticed a four-headed hydra
 18331 | Lair:1   | Killed a four-headed hydra
 19102 | Lair:1   | Noticed an eight-headed hydra
 19103 | Lair:1   | Noticed an eight-headed hydra
 19115 | Lair:1   | Killed an eight-headed hydra
 19116 | Lair:1   | Reached XP level 13. HP: 103/103 MP: 16/24
 19446 | Lair:1   | Found a runed translucent gate.
 19446 | Lair:1   | Found a runed translucent gate.
 19447 | Lair:1   | Found a runed translucent gate.
 19448 | Lair:1   | Noticed Toipt's ghost (journeyman PaBe)
 20538 | Lair:2   | Noticed Harold
 20553 | Lair:2   | Killed Harold
 20555 | Lair:2   | Reached *** piety under Trog
 22232 | Lair:3   | Identified the +11 hand axe of Autumn {vorpal, rC- Will+
                  | rCorr}
 23536 | Lair:4   | Reached **** piety under Trog
 24237 | Lair:4   | Found a staircase to the Shoals.
 24664 | Lair:4   | Reached XP level 14. HP: 57/111 MP: 8/26
 24920 | Lair:4   | Found a staircase to the Snake Pit.
 25033 | Lair:4   | Reached skill level 10 in Maces & Flails
 26249 | Lair:5   | Identified the +6 long sword of Ratwuwk {vorpal, rF++ rN+
                  | Int-3 SInv}
 26398 | Lair:4   | Reached skill level 10 in Invocations
 27551 | D:12     | Noticed Sonja
 27556 | D:12     | Killed Sonja
 29167 | Lair:6   | Entered Level 6 of the Lair of Beasts
 30375 | Lair:6   | Reached XP level 15. HP: 105/119 MP: 25/28
 30574 | Lair:6   | Reached ***** piety under Trog
 31142 | Lair:6   | Found a staircase to the Slime Pits.
 31178 | Lair:6   | HP: 6/120 [oklob plant/splash of acid (8)]
 31178 | Lair:6   | Splashed by an oklob plant's acid

Illustrated notes

Levels and vault maps discovered:
D:1:      sevenhm_arrival_forest_fort_small_4, layout_rooms
D:2:      layout_loops_corners
D:3:      layout_loops_ring, kennysheep_ying_yang,
          chequers_temple_overflow_statue_of_worship,
          grunt_temple_overflow_open, shapermc_ecumenical_altar_notcrosses
D:4:      black_bear_nest_2, layout_loops_cross, lemuel_round_altar,
          minmay_misc_feat_tiny, minmay_crystal_water, kennysheep_generic_room_7
D:5:      layout_loops_ring
D:6:      layout_rooms, lightli_temple_of_fire
D:7:      layout_cave_pools, gammafunk_temple_overflow_forgotten,
          minmay_temple_entry_large_hall
D:8:      lemuel_bear_cage, layout_loops_ring
D:9:      layout_basic
D:10:     layout_gridville, fedhas_altar_3, serial_glass, glass_columns_a,
          glass_columns_c, glass_columns_a, minmay_bent
D:11:     layout_basic, david_lair_generic, orc_0_dummy, uniq_josephine
D:12:     layout_basic, kb_tengu_band, uniq_sonja
Temple:   compressed_dpeg_triangle_lava_temple
Lair:1:   layout_long_grid, gammafunk_ghost_necromancy, basic_altar,
          minmay_shattered_shrine
Lair:2:   layout_regular_city, chequers_serial_rivers_micro_a, uniq_harold
Lair:3:   layout_long_grid
Lair:4:   layout_regular_city, elwin_shoals_entry_rooms, dummy_snake_entry,
          hangedman_lair_unloving_vines, minmay_lair_oklob_chamber
Lair:5:   lemuel_reptile_caves, layout_gridlike, serial_bayou_shore_b,
          lemuel_fruit_fields
Lair:6:   hangedman_lair_caniforms_friends, layout_cave_pods, wormcave,
          minmay_slime_entry_oklob_open, infiniplex_staircase_pool_2

Skill      XL: |  1  2  3  4  5  6  7  8  9 10 11 12 13 14 |
---------------+-------------------------------------------+-----
Invocations    | 1 2 3 4 5 6 7 8 9 10 | 10.7
Short Blades   | 1 2 3 4 5 6 7 8 9 |  9.9
Long Blades    | 1 2 3 4 5 6 7 8 9 |  9.9
Axes           | 1 2 3 4 5 6 7 8 9 |  9.9
Polearms       | 1 2 3 4 5 6 7 8 9 |  9.9
Staves         | 1 2 3 4 5 6 7 8 9 |  9.9
Slings         | 1 2 3 4 5 6 7 8 9 |  9.9
Bows           | 1 2 3 4 5 6 7 8 9 |  9.9
Crossbows      | 1 2 3 4 5 6 7 8 9 |  9.9
Throwing       | 1 2 3 4 5 6 7 8 9 |  9.9
Dodging        | 1 2 3 4 5 6 7 8 9 |  9.9
Stealth        | 1 2 3 4 5 6 7 8 9 |  9.9
Unarmed Combat | 1 2 3 4 5 6 7 8 9 |  9.9
Spellcasting   | 1 2 3 4 5 6 7 8 9 |  9.9
Evocations     | 1 2 3 4 5 6 7 8 9 |  9.9
Conjurations   | 1 2 3 4 5 6 7 8 |  8.3
Hexes          | 1 2 3 4 5 6 7 8 |  8.3
Summonings     | 1 2 3 4 5 6 7 8 |  8.3
Necromancy     | 1 2 3 4 5 6 7 8 |  8.3
Translocations | 1 2 3 4 5 6 7 8 |  8.3
Transmutations | 1 2 3 4 5 6 7 8 |  8.3
Fire Magic     | 1 2 3 4 5 6 7 8 |  8.3
Ice Magic      | 1 2 3 4 5 6 7 8 |  8.3
Air Magic      | 1 2 3 4 5 6 7 8 |  8.3
Earth Magic    | 1 2 3 4 5 6 7 8 |  8.3
Poison Magic   | 1 2 3 4 5 6 7 8 |  8.3
Maces & Flails | 5 6 7 8 9 10 | 10.8
Fighting       | 7 8 9 10 11 | 11.6
Armour         | 7 8 9 10 11 | 11.6
Shields        | 7 8 9 10 11 | 11.6

Action                   |  1- 3 |  4- 6 |  7- 9 | 10-12 | 13-15 || total
-------------------------+-------+-------+-------+-------+-------++-------
Melee: Flail             |    97 |   117 |   437 |   648 |    77 ||  1376
       Bite              |     9 |     7 |    45 |   121 |   232 ||   414
       Punch             |       |       |       |     7 |     2 ||     9
       Scimitar          |       |       |       |       |   830 ||   830
 Fire: Arbalest          |       |       |       |    32 |       ||    32
Throw: Dart              |       |       |     2 |     2 |       ||     4
Invok: Berserk           |       |       |       |     9 |     3 ||    12
       Trog's Hand       |       |       |       |       |     3 ||     3
  Use: Scroll            |       |       |    13 |    10 |    19 ||    42
       Potion            |       |       |     4 |     6 |     1 ||    11
 Stab: Confused          |       |       |       |       |     1 ||     1
Armor: Scale mail        |    42 |    50 |   209 |       |       ||   301
       Plate armour      |       |       |    49 |   487 |   574 ||  1110
       Skin              |       |       |    16 |    39 |       ||    55
Dodge: Dodged            |    27 |    47 |   184 |   293 |   468 ||  1019
Block: Kite shield       |    43 |    86 |   338 |   407 |   912 ||  1786
       Rpst.: Flail      |       |       |       |    53 |    11 ||    64
       Scimitar          |       |       |       |       |   207 ||   207

Table legend: (Time is in decaauts)
 A = Elapsed time spent in this place.
 B = Non-inter-level travel time spent in this place.
 C = Inter-level travel time spent in this place.
 D = Time resting spent in this place.
 E = Time spent auto-exploring this place.
 F = Levels seen in this place.
 G = Mean time per level.
                   A        B        C        D        E       F      G
               +--------+--------+--------+--------+--------+-----+--------+
         Total |  31745 |  30409 |   1336 |   5921 |  20157 |  19 | 1670.8 |
       Dungeon |  19570 |  18655 |    915 |   4015 |  11932 |  12 | 1630.8 |
        Temple |    187 |    161 |     26 |      0 |    140 |   1 |  187.0 |
          Lair |  11987 |  11592 |    395 |   1905 |   8084 |   6 | 1997.8 |
               +--------+--------+--------+--------+--------+-----+--------+

Top non-repeatable levels by time:
    D:11: 3310 daAuts
  Lair:4: 2800 daAuts
    D:12: 2552 daAuts
  Lair:1: 2339 daAuts
    D:10: 2103 daAuts
     D:8: 2043 daAuts
  Lair:6: 2014 daAuts
  Lair:3: 1947 daAuts
     D:9: 1917 daAuts
  Lair:5: 1743 daAuts
     D:5: 1528 daAuts
     D:4: 1411 daAuts
     D:3: 1233 daAuts
  Lair:2: 1142 daAuts
     D:7: 1080 daAuts
